 Dungeon Crawl Stone Soup version 0.22-a0-358-g7563fe7 (webtiles) character file.

27988 Kikal the Covert (level 13, -2/61 HPs)
             Began as a Felid Enchanter on Apr 18, 2018.
             Was an Elder of Cheibriados.
             Slain by a tarantella (16 damage)
             ... on level 1 of the Spider Nest.
             The game lasted 02:47:41 (36973 turns).

Kikal the Covert (Felid Enchanter)                 Turns: 36973, Time: 02:47:42

Health: -2/61      AC:  3    Str: 14    XL:     13   Next: 7%
Magic:  3/27       EV: 31    Int: 30    God:    Cheibriados [****..]
Gold:   1764       SH:  0    Dex: 28    Spells: 15/30 levels left
                                        Lives:  0   Deaths: 3

rFire    + . .     SeeInvis +     - Unarmed
rCold    + + .     Gourm    .   (shield unavailable)
rNeg     . . .     Faith    .   (armour unavailable)
rPois    +         Spirit   .   (helmet unavailable)
rElec    .         Reflect  .   (cloak unavailable)
rCorr    .         Harm     .   (gloves unavailable)
MR       +....                  (boots unavailable)
Stlth    +++++++...             d - amulet of magic regeneration
HPRegen  0.20/turn              Q - ring of the Will of the Gods {rPois rF+ rC+}
MPRegen  0.45/turn              D - ring of wizardry

@: very slow
A: very small, no armour, no weapons or thrown items, stealth, claws 1, fangs 3,
see invisible, carnivore, speed 1, shaggy fur 3, slow metabolism 1, sharp paws
a: Bend Time, Temporal Distortion, Slouch, Renounce Religion


You were on level 1 of the Spider Nest.
You worshipped Cheibriados.
Cheibriados was greatly pleased with you.
You were very full.

You visited 5 branches of the dungeon, and saw 25 of its levels.

You collected 2339 gold pieces.
You spent 575 gold pieces at shops.

Inventory:

Jewellery
 a - a +4 ring of protection
 d - an amulet of magic regeneration (around neck)
 s - an uncursed ring of ice
 t - an uncursed ring of flight
 u - an uncursed ring of protection from magic
 w - an uncursed ring of poison resistance
 y - a +3 amulet of reflection {unknown}
 C - an uncursed amulet of guardian spirit
 D - a ring of wizardry (right paw)
 F - an uncursed ring of magical power
 P - an uncursed ring of wizardry
 Q - the ring of the Will of the Gods (left paw) {rPois rF+ rC+}
   (You found it on level 6 of the Lair of Beasts)

   [ring of protection from fire]

   It protects you from fire.
   It protects you from cold.
   It protects you from poison.
Wands
 h - a wand of acid (11)
 p - a wand of polymorph (27)
 B - a wand of paralysis (7)
 I - a wand of digging (16)
 K - a wand of iceblast (27)
 L - a wand of clouds (2)
 O - a wand of flame (20)
Scrolls
 e - 3 scrolls of fear
 g - 4 scrolls of blinking
 j - 2 scrolls of magic mapping
 k - 3 scrolls of noise
 l - 8 scrolls of teleportation
 m - 4 scrolls of fog
 o - 4 scrolls of remove curse
 r - a scroll of amnesia
 E - a scroll of immolation
 H - a scroll of vulnerability
 M - a scroll of torment
Potions
 c - 7 potions of brilliance
 f - 2 potions of invisibility
 i - 4 potions of lignification
 n - 7 potions of heal wounds
 q - 2 potions of might
 v - 4 potions of agility
 x - a potion of resistance {unknown}
 z - 2 potions of flight
 A - a potion of berserk rage {unknown}
 G - 11 potions of curing
 J - 2 potions of magic {unknown}
 R - 2 potions of cancellation {unknown}
Miscellaneous
 N - a box of beasts
Comestibles
 b - 33 rations


   Skills:
 + Level 10.2 Fighting
 + Level 11.0 Dodging
 + Level 13.5 Stealth
 - Level 10.0 Unarmed Combat
 - Level 9.0 Spellcasting
 - Level 10.0 Conjurations
 - Level 7.2 Hexes
 - Level 2.0 Ice Magic
 - Level 8.0 Poison Magic
 - Level 10.5 Invocations


You had 15 spell levels left.
You knew the following spells:

 Your Spells              Type           Power        Failure   Level  Hunger
a - Corona                Hex            ######.      1%          1    None
b - Ensorcelled Hibernat  Hex/Ice        #####.       1%          2    None
c - Confuse               Hex            ######..     1%          3    None
d - Dazzling Spray        Conj/Hex       ######       1%          3    None
e - Poison Arrow          Conj/Pois      ######....   6%          6    #####..


Dungeon Overview and Level Annotations

Branches:
Dungeon (15/15)            Temple (1/1) D:4            Lair (6/6) D:9
  Swamp (0/4) Lair:2       Spider (1/4) Lair:4        Slime (0/5) Lair:5
    Orc (2/2) D:11            Elf (0/3) Orc:2        Vaults (0/5) D:14
 Depths: D:15

Altars:
Ashenzari
Cheibriados
Dithmenos
Elyvilon
Fedhas
Gozag
Hepliaklqana
Kikubaaqudgha
Makhleb
Nemelex Xobeh
Okawaru
Qazlal
Ru
Sif Muna
Trog
Uskayaw
Vehumet
Wu Jian
Xom
Yredelemnul
Zin
The Shining One
Beogh
Jiyva

Shops:
D:4 *   D:14 =   Orc:2 *==*

Annotations:
D:8 exclusion: statue
D:14 Azrael
Lair:1 exclusion: 3 oklob plants
Spider:1 exclusions: killer bee and meliai


Innate Abilities, Weirdness & Mutations

You cannot wear armour.
You are incapable of wielding weapons or throwing items.
Your paws allow you to move quietly. (Stealth)
You have sharp claws.
You have razor-sharp teeth.
You have supernaturally acute eyesight. (SInv)
You are carnivorous and can eat meat at any time.
You cover ground quickly.
Your thick and shaggy fur keeps you warm. (AC +3, rC+)
You have a slow metabolism.
Your sharp claws are effective at attacking unaware monsters.


Message History

* * * LOW HITPOINT WARNING * * *
The tarantella bites you.
* * * LOW HITPOINT WARNING * * *
You are confused.
You take 11 damage, and have 5/61 hp.
You feel better. The redback barely misses you.
The tarantella closely misses you. The redback misses you.
You regained 8 hp, and now have 13/61 hp.
Aim: a tarantella (lightly wounded, clinging, not susceptible)
The tarantella is unaffected.
The tarantella bites you but does no damage.
The redback misses you. The tarantella completely misses you.
You now have 6/27 mp.
Aim: a redback (clinging, chance to defeat MR: 67%)
The redback looks drowsy...
The tarantella completely misses you.
You now have 5/27 mp.
Aim: a tarantella (lightly wounded, clinging, not susceptible)
The tarantella is unaffected.
The tarantella completely misses you. The tarantella bites you!
You die... #.... .#... y .... #. y.y

...# .... #.######..# ....
#......#(.##....
##.............#
##....##...s#...##
##..#...##..@s.#..#
#>.##..#.##..#...#
#####...............##
#.#....#.....?#...###
^................##
.....##.#........#
#.#.##......#..#.#
..#.........#/.#...
.##...###...#....^....#....


You could see a tarantella and a redback (sleeping).

Vanquished Creatures
  A fire dragon (D:10)
  8 hydras
  3 catoblepae (Lair:6)
  3 two-headed ogres
  Erica (D:8)
  3 centaur warriors
  11 death yaks
  An orc high priest (Orc:2)
  A fire crab (D:15)
  6 skeletal warriors
  A flayed ghost (D:10)
  2 unseen horrors
  A deep troll (D:10)
  2 orc knights
  A lindwurm (Lair:4)
  4 ugly things
  A deep elf mage (D:10)
  The ghost of DEFE the Thaumaturge, a novice DEWn of Vehumet (D:7)
  4 wolf spiders (Spider:1)
  6 orc sorcerers
  3 manticores
  An orb spider (Spider:1)
  3 cyclopes
  3 black mambas
  6 elephants (Lair:6)
  Joseph (D:8)
  4 molten gargoyles (D:13)
  8 spiny frogs
  The ghost of Kikal the Gusty, a novice FeAE of Cheibriados (D:8)
  A rime drake (Lair:4)
  A demonic crawler (Spider:1)
  9 komodo dragons
  3 trolls
  A harpy zombie (D:14)
  2 jumping spiders (Spider:1)
  9 blink frogs
  2 hornets
  2 polar bears (Lair:4)
  A dream sheep (Lair:6)
  A slime creature (D:10)
  Prince Ribbit (D:7)
  6 hippogriffs
  A meliai zombie (D:14)
  A spriggan (Lair:6)
  6 tarantellas (Spider:1)
  A water elemental (D:12)
  4 wyverns
  4 redbacks (Spider:1)
  Sigmund (D:3)
  2 wraiths
  2 basilisks
  2 hungry ghosts
  40 yaks
  3 fire elementals (D:14)
  Eustachio (D:4)
  Grum (D:10)
  5 vampire mosquitoes (D:15)
  Menkaure (D:7)
  2 wargs (Orc:1)
  6 water moccasins
  6 porcupines
  A hell hound (D:14)
  22 orc warriors
  11 ice beasts
  2 sky beasts
  2 black bears
  6 necrophages
  A phantom (D:10)
  10 centaurs
  20 wolves
  7 ogres
  11 crocodiles
  4 big kobolds
  13 bullfrogs
  5 scorpions
  7 killer bees
  5 wights (D:10)
  5 howler monkeys
  2 vampire bats (Lair:6)
  5 centaur zombies
  6 crimson imps
  2 bullfrog zombies
  6 jellies
  Crazy Yiuf (D:3)
  A hound (D:14)
  6 centaur skeletons
  24 orc priests
  A bullfrog skeleton (D:6)
  2 hell rats (D:9)
  4 iguanas
  29 orc wizards
  15 worker ants
  A killer bee zombie (D:5)
  A hound zombie (D:4)
  A hound skeleton (D:10)
  A worker ant zombie (D:8)
  A gnoll (Orc:1)
  2 howler monkey skeletons
  A river rat (D:9)
  14 adders
  5 shadow imps
  7 oozes
  An adder skeleton (D:6)
  4 worms
  2 dart slugs
  6 leopard geckos
  62 orcs
  4 ball pythons
  13 bats
  6 giant cockroaches
  13 goblins
  9 hobgoblins
  5 quokkas
  6 frilled lizards
  26 kobolds
  A quokka zombie (D:6)
  3 rats
650 creatures vanquished.

Vanquished Creatures (others)
  A bush (Lair:6)
  4 fungi
  16 plants
21 creatures vanquished.

Grand Total: 671 creatures vanquished

Notes
Turn   | Place    | Note
-------+----------+-------------------------------------------
     0 | D:1      | Kikal the Felid Enchanter began the quest for the Orb.
     0 | D:1      | Reached XP level 1. HP: 7/7 MP: 4/4
   698 | D:1      | Reached XP level 2. HP: 3/11 MP: 4/6
   937 | D:1      | Learned a level 2 spell: Ensorcelled Hibernation
  1925 | D:1      | Found a shattered altar of Ashenzari.
  2427 | D:2      | Reached skill level 1 in Ice Magic
  2528 | D:2      | Reached skill level 5 in Hexes
  2528 | D:2      | Reached XP level 3. HP: 14/14 MP: 2/7
  2536 | D:2      | Learned a level 3 spell: Confuse
  3631 | D:2      | Reached XP level 4. HP: 18/18 MP: 8/8
  4850 | D:3      | Found a stormy altar of Qazlal.
  5451 | D:3      | Reached XP level 5. HP: 16/21 MP: 0/9
  5601 | D:3      | Noticed Sigmund
  7106 | D:3      | Reached skill level 5 in Stealth
  7401 | D:3      | Gained mutation: You are covered in thick fur. (AC +2) [Felid growth]
  7401 | D:3      | Reached XP level 6. HP: 25/25 MP: 2/10
  7861 | D:3      | Killed Sigmund
  7861 | D:3      | Reached skill level 1 in Fighting
  8072 | D:3      | Found a runed door.
  8076 | D:3      | Noticed Crazy Yiuf
  8080 | D:3      | Killed Crazy Yiuf
  8210 | D:4      | Found Vissufid's General Store.
  8400 | D:4      | Found a staircase to the Ecumenical Temple.
  8405 | Temple   | Entered the Ecumenical Temple
  8501 | Temple   | Became a worshipper of Cheibriados the Contemplative
  8607 | D:4      | Reached skill level 6 in Stealth
  8607 | D:4      | Reached XP level 7. HP: 30/30 MP: 11/11
  9271 | D:5      | Entered Level 5 of the Dungeon
  9335 | D:5      | Noticed Eustachio
  9844 | D:4      | Killed Eustachio
  9844 | D:4      | Reached skill level 7 in Stealth
 10145 | D:5      | Reached skill level 5 in Unarmed Combat
 10660 | D:5      | Reached * piety under Cheibriados
 10666 | D:5      | Learned a level 3 spell: Dazzling Spray
 10949 | D:6      | Reached XP level 8. HP: 34/34 MP: 12/12
 11059 | D:6      | Reached skill level 1 in Conjurations
 11487 | D:6      | Found a bloodstained altar of Trog.
 12380 | D:7      | Reached skill level 5 in Dodging
 12401 | D:7      | Noticed DEFE's ghost (novice DEWn)
 12646 | D:7      | Noticed Prince Ribbit
 12678 | D:7      | Killed Prince Ribbit
 12763 | D:7      | Noticed Menkaure
 12774 | D:7      | Killed Menkaure
 12854 | D:6      | Reached ** piety under Cheibriados
 13699 | D:7      | Killed DEFE's ghost
 13699 | D:7      | Reached skill level 8 in Stealth
 13699 | D:7      | Reached XP level 9. HP: 37/37 MP: 6/15
 14029 | D:7      | Found a sparkling altar of Nemelex Xobeh.
 14030 | D:7      | Found a blossoming altar of Fedhas.
 14030 | D:7      | Found a shattered altar of Ashenzari.
 14031 | D:7      | Found a bloodstained altar of Trog.
 14032 | D:7      | Found an ancient bone altar of Kikubaaqudgha.
 14268 | D:8      | Noticed Joseph
 14273 | D:8      | Killed Joseph
 14273 | D:8      | Reached skill level 1 in Invocations
 14296 | D:8      | Noticed Erica
 14318 | D:8      | Killed Erica
 14318 | D:8      | Reached skill level 5 in Spellcasting
 14523 | D:8      | Noticed a two-headed ogre
 14528 | D:8      | Killed a two-headed ogre
 14528 | D:8      | Reached skill level 5 in Fighting
 14528 | D:8      | Reached XP level 10. HP: 10/44 MP: 14/19
 15018 | D:8      | Noticed Kikal's ghost (novice FeAE)
 15197 | D:9      | Found a staircase to the Lair.
 15197 | D:9      | Noticed a death yak
 15226 | D:9      | Noticed a two-headed ogre
 15233 | D:9      | Killed a two-headed ogre
 15399 | D:8      | Killed Kikal's ghost
 15399 | D:8      | Reached skill level 9 in Stealth
 15508 | D:8      | Reached skill level 5 in Invocations
 15658 | D:8      | Found a radiant altar of Vehumet.
 15909 | D:8      | Reached *** piety under Cheibriados
 16046 | D:9      | Reached skill level 10 in Stealth
 16109 | D:9      | Noticed an unseen horror
 16476 | D:9      | Noticed a death yak
 16741 | D:9      | Killed an unseen horror
 16741 | D:9      | Reached XP level 11. HP: 48/49 MP: 14/20
 16767 | D:9      | Noticed a death yak
 16921 | D:9      | Reached **** piety under Cheibriados
 17042 | D:9      | Reached skill level 11 in Stealth
 17049 | D:10     | Entered Level 10 of the Dungeon
 17065 | D:10     | Noticed a flayed ghost
 17070 | D:10     | Found the +5 demon whip "Spellbinder" {antimagic, MR+}
 17072 | D:10     | Killed a flayed ghost
 17339 | D:10     | Noticed an unseen horror
 17345 | D:10     | Killed an unseen horror
 17570 | D:10     | Noticed a skeletal warrior
 17577 | D:10     | Noticed a deep troll
 17579 | D:10     | Killed a skeletal warrior
 17579 | D:10     | Reached skill level 12 in Stealth
 17583 | D:10     | Killed a deep troll
 17683 | D:10     | Noticed Grum
 17687 | D:10     | Reached ***** piety under Cheibriados
 17695 | D:10     | Killed Grum
 18063 | D:10     | Noticed a fire dragon
 18073 | D:10     | Killed a fire dragon
 18073 | D:10     | Reached skill level 10 in Unarmed Combat
 18327 | D:10     | Noticed a deep elf mage
 18341 | D:10     | Killed a deep elf mage
 18501 | D:11     | Noticed a seven-headed hydra
 18641 | D:11     | Found a staircase to the Orcish Mines.
 18654 | D:11     | Killed a seven-headed hydra
 18915 | D:11     | Gained mutation: Your thick and shaggy fur keeps you warm. (AC +3, rC+) [Felid growth]
 18915 | D:11     | Reached XP level 12. HP: 54/54 MP: 14/22
 20143 | Orc:1    | Entered Level 1 of the Orcish Mines
 20277 | Orc:1    | Found a frozen archway.
 20944 | Orc:2    | Entered Level 2 of the Orcish Mines
 21604 | Orc:1    | Found a roughly hewn altar of Beogh.
 21823 | Orc:1    | Reached skill level 13 in Stealth
 22031 | Orc:2    | Found a staircase to the Elven Halls.
 23209 | Orc:2    | Noticed an orc high priest
 23364 | Orc:2    | Reached skill level 10 in Dodging
 23619 | Orc:2    | Reached ****** piety under Cheibriados
 24417 | Orc:2    | Killed an orc high priest
 24522 | Orc:2    | Found Peghobum's Jewellery Shop.
 24522 | Orc:2    | Found Letwuj's Assorted Antiques.
 24523 | Orc:2    | Found Imatsauf's Jewellery Boutique.
 24527 | Orc:2    | Found Hiuduuh's Assorted Antiques.
 24580 | Orc:2    | Bought a paperback book for 375 gold pieces
 24580 | Orc:2    | Bought a potion of heal wounds for 125 gold pieces
 24580 | Orc:2    | Bought a scroll of teleportation for 75 gold pieces
 25174 | D:11     | Learned a level 6 spell: Poison Arrow
 25522 | D:9      | Killed a death yak
 25522 | D:9      | Reached skill level 1 in Poison Magic
 25527 | D:9      | Mangled by a death yak
 25528 | D:9      | Reached XP level 11. HP: -6/53 MP: 3/22
 25547 | Lair:1   | Entered Level 1 of the Lair of Beasts
 25659 | Lair:1   | Noticed an oklob plant
 25659 | Lair:1   | Noticed an oklob plant
 25659 | Lair:1   | Noticed an oklob plant
 25817 | Lair:1   | Reached XP level 12. HP: 57/57 MP: 23/23
 26015 | Lair:1   | Noticed a seven-headed hydra
 26023 | Lair:1   | Killed a seven-headed hydra
 26160 | Lair:2   | Noticed a five-headed hydra
 26194 | Lair:2   | Killed a five-headed hydra
 26480 | Lair:2   | Noticed a six-headed hydra
 26490 | Lair:2   | Killed a six-headed hydra
 26644 | Lair:2   | Noticed a four-headed hydra
 26645 | Lair:2   | Found a staircase to the Swamp.
 26651 | Lair:2   | Noticed a seven-headed hydra
 27087 | Lair:2   | Reached skill level 5 in Conjurations
 28693 | Lair:4   | Reached skill level 5 in Poison Magic
 28887 | Lair:4   | Found a hole to the Spider Nest.
 28984 | Lair:4   | Reached XP level 13. HP: 60/60 MP: 24/24
 29736 | Lair:5   | Found a staircase to the Slime Pits.
 29736 | Lair:5   | Found a viscous altar of Jiyva.
 30111 | Lair:6   | Entered Level 6 of the Lair of Beasts
 32254 | Lair:6   | Got a smoking steel ring
 32260 | Lair:6   | Identified the ring of the Will of the Gods {rPois rF+ rC+} (You found it on level 6 of the Lair of Beasts)
 32532 | Lair:2   | Reached skill level 10 in Invocations
 32633 | Lair:2   | Reached XP level 14. HP: 64/64 MP: 22/26
 34120 | D:14     | Found a shadowy altar of Dithmenos.
 34458 | D:14     | Found Vorhacoe's Jewellery Boutique.
 34849 | D:14     | Noticed Azrael
 35125 | D:14     | Found a gate to the Vaults.
 35683 | D:14     | HP: 3/97 [skeletal warrior/glaive[a skeletal warrior] (2)]
 35692 | D:14     | Mangled by a skeletal warrior
 35693 | D:14     | Reached XP level 13. HP: -8/91 MP: 5/26
 35698 | D:15     | Entered Level 15 of the Dungeon
 35700 | D:15     | Reached skill level 10 in Conjurations
 35744 | D:15     | Found an iron altar of Okawaru.
 35760 | D:15     | Slain by a six-headed hydra
 35761 | D:15     | Reached XP level 12. HP: -4/58 MP: 23/25
 35776 | D:15     | Noticed a centaur warrior
 35786 | D:15     | Killed a centaur warrior
 36203 | D:15     | Found a glowing golden altar of the Shining One.
 36636 | Spider:1 | Entered Level 1 of the Spider Nest
 36642 | Spider:1 | Reached skill level 10 in Fighting
 36766 | Spider:1 | Reached XP level 13. HP: 39/61 MP: 21/27
 36973 | Spider:1 | Slain by a tarantella

Vault maps used:
D:1:      lightli_iron_boxes, evilmike_ruin_ashenzari
D:2:      serial_glass, glass_columns_a, glass_columns_b, item_on_display_a,
          item_on_display_b
D:3:      nicolae_qazlal_eye_of_the_storm, uniq_sigmund, uniq_crazy_yiuf_cottage
D:4:      temple_doors_cd, serial_shops, shop
D:5:      first_ration, uniq_eustachio
D:6:      trog_hazing_becter
D:7:      minitemple, uniq_menkaure, uniq_prince_ribbit1
D:8:      vehumet_statue, hangedman_little_slice_of_home, uniq_joseph,
          uniq_erica
D:9:      dpeg_lair_monsters
D:10:     minmay_chopped_fan, uniq_grum
D:11:     orc_0_dummy
D:12:     serial_park, serial_park_tiny_1, serial_park_tiny_2,
          serial_park_tiny_pond, serial_park_gazebo, serial_park_tiny_pond,
          serial_park_tiny_pond
D:13:     cheibrodos_statue_roulette, nicolae_twisting_strands
D:14:     david_vaults_5, serial_shops, shop, nicolae_dithmenos_the_darkroom,
          uniq_azrael
D:15:     grunt_enter_depths_snipers, okawaru_ov_weapons_minmay, basic_altar,
          hangedman_decor_growths, minivault_19, nrook_guardian_serpent_ordinary
Temple:   eino_temple_rhombus
Lair:1:   minmay_lair_oklob_chamber
Lair:2:   minmay_swamp_entry_reptiles, fungi_pond_lemuel, roderic_carrion_pond
Lair:4:   nicolae_spider_entry_non_spiders, beast_lair_carwin_6
Lair:5:   slime_altar_1, grunt_megastairs_2, serial_bayou_shore_b
Lair:6:   evilmike_catoblepas_cave, minivault_11, roderic_batcave,
          grunt_forest_large_clearing_hut
Spider:1: special_room
Orc:1:    nicolae_orc_accident_2, portal_ice_cave_entry_ice_beasts
Orc:2:    st_orc_mages, enter_volcano_4, nicolae_orc_bridge_out

Skill      XL: |  1  2  3  4  5  6  7  8  9 10 11 12 13 14 |
---------------+-------------------------------------------+-----
Ice Magic      | 1 2 |  2.0
Hexes          | 5 6 7 |  7.2
Unarmed Combat | 2 3 4 5 7 8 10 | 10.0
Stealth        | 5 6 7 8 10 12 13 | 13.5
Fighting       | 2 3 5 6 7 10 | 10.2
Dodging        | 3 7 8 10 11 | 11.0
Conjurations   | 2 6 10 | 10.0
Spellcasting   | 3 5 6 9 8 |  9.0
Invocations    | 4 6 8 9 10 | 10.5
Poison Magic   | 5 8 |  8.0

Action                   |  1- 3 |  4- 6 |  7- 9 | 10-12 | 13-15 || total
-------------------------+-------+-------+-------+-------+-------++-------
Melee: Unarmed           |    88 |   122 |   190 |   644 |   247 ||  1291
       Bite              |     6 |     7 |    24 |    85 |    39 ||   161
       Punch             |       |       |     5 |    47 |    13 ||    65
 Cast: Corona            |    19 |    12 |     5 |     7 |       ||    43
       Ensorcelled Hiber |    13 |    51 |    26 |   123 |    65 ||   278
       Confuse           |     2 |    12 |    54 |   134 |    21 ||   223
       Dazzling Spray    |       |       |     1 |    11 |     2 ||    14
       Poison Arrow      |       |       |       |     5 |    38 ||    43
Invok: Temporal Distorti |       |       |       |     4 |     1 ||     5
       Slouch            |       |       |       |     7 |    12 ||    19
       Step From Time    |       |       |       |       |     1 ||     1
  Use: Potion            |       |     1 |     3 |     2 |     3 ||     9
       Scroll            |       |       |     7 |    16 |     8 ||    31
 Stab: Sleeping          |    22 |    36 |    33 |   149 |    76 ||   316
       Confused          |     2 |     6 |    13 |    54 |     8 ||    83
       Distracted        |       |     2 |     2 |     3 |     8 ||    15
       Invisible         |       |       |       |     1 |       ||     1
  Eat: Chunk             |    14 |    13 |    16 |    37 |    23 ||   103
Armor: Skin              |     4 |     6 |    13 |    20 |    24 ||    67
Dodge: Dodged            |    59 |   105 |   179 |   591 |   292 ||  1226

Table legend:
 A = Spawn XP
 B = Non-spawn XP
 C = Spawn XP percentage of total XP
 D = Spawn monster count
 E = Non-spawn monster count
 F = Spawn count percentage of total count
 G = Total turns spent on level
                    A         B        C        D         E        F      G
               +---------+---------+-------+---------+---------+-------+---------
         Total |       0 |  111308 |   0.0 |       0 |     650 |   0.0 | 36973
               +---------+---------+-------+---------+---------+-------+---------
           D:1 |       0 |      33 |   0.0 |       0 |      14 |   0.0 |  2357
           D:2 |       0 |     160 |   0.0 |       0 |      30 |   0.0 |  3937
           D:3 |       0 |     422 |   0.0 |       0 |      40 |   0.0 |  2142
           D:4 |       0 |     516 |   0.0 |       0 |      14 |   0.0 |  1245
           D:5 |       0 |     155 |   0.0 |       0 |       4 |   0.0 |   981
           D:6 |       0 |     486 |   0.0 |       0 |      21 |   0.0 |  1900
           D:7 |       0 |    1505 |   0.0 |       0 |      15 |   0.0 |  1113
           D:8 |       0 |    4144 |   0.0 |       0 |      30 |   0.0 |  2238
           D:9 |       0 |    7071 |   0.0 |       0 |      41 |   0.0 |  2054
          D:10 |       0 |    8068 |   0.0 |       0 |      48 |   0.0 |  1575
          D:11 |       0 |    4177 |   0.0 |       0 |      43 |   0.0 |  1556
          D:12 |       0 |     892 |   0.0 |       0 |       7 |   0.0 |   507
          D:13 |       0 |    5771 |   0.0 |       0 |      23 |   0.0 |   965
          D:14 |       0 |   12190 |   0.0 |       0 |      33 |   0.0 |  1658
          D:15 |       0 |    3238 |   0.0 |       0 |      10 |   0.0 |   581
        Lair:1 |       0 |    2241 |   0.0 |       0 |       8 |   0.0 |   676
        Lair:2 |       0 |    9494 |   0.0 |       0 |      38 |   0.0 |  1778
        Lair:3 |       0 |    2730 |   0.0 |       0 |      15 |   0.0 |  1004
        Lair:4 |       0 |    8469 |   0.0 |       0 |      38 |   0.0 |   926
        Lair:5 |       0 |    2823 |   0.0 |       0 |      13 |   0.0 |   654
        Lair:6 |       0 |   19122 |   0.0 |       0 |      49 |   0.0 |  2282
      Spider:1 |       0 |    6161 |   0.0 |       0 |      19 |   0.0 |   337
         Orc:1 |       0 |    4273 |   0.0 |       0 |      31 |   0.0 |  2549
         Orc:2 |       0 |    7167 |   0.0 |       0 |      66 |   0.0 |  1845
               +---------+---------+-------+---------+---------+-------+---------
